 Dungeon Crawl Stone Soup version 0.21.1-1-g345015fe64 (webtiles) character file.

90 Htamos the Cudgeler (level 4, -2/29 HPs)
             Began as a Gargoyle Berserker on July 4, 2018.
             Was a Believer of Trog.
             Slain by a gnoll
             ... wielding a +0 flail
              (8 damage)
             ... on level 2 of the Dungeon.
             The game lasted 00:03:44 (1487 turns).

Htamos the Cudgeler (Gargoyle Berserker)            Turns: 1487, Time: 00:03:44

Health: -2/29      AC: 12    Str: 20    XL:     4   Next: 56%
Magic:  4/4        EV:  8    Int:  8    God:    Trog [**....]
Gold:   59         SH:  0    Dex: 10    Spells: 3/3 levels left

rFire    . . .     SeeInvis .   a - +0 mace
rCold    . . .     Gourm    .   (no shield)
rNeg     + . .     Faith    .   h - +0 chain mail
rPois    ∞         Spirit   .   (no helmet)
rElec    +         Reflect  .   (no cloak)
rCorr    .         Harm     .   (no gloves)
MR       .....                  (no boots)
Stlth    ..........             (no amulet)
HPRegen  0.09/turn              (no ring)
MPRegen  0.09/turn              (no ring)

@: no status effects
A: negative energy resistance 1, electricity resistance, unbreathing,
petrification resistance, rot immunity, AC +3
a: Berserk, Trog's Hand, Burn Spellbooks, Renounce Religion


You were on level 2 of the Dungeon.
You worshipped Trog.
Trog was pleased with you.
You were not hungry.

You visited 1 branch of the dungeon, and saw 2 of its levels.

You collected 59 gold pieces.

Inventory:

Hand Weapons
 a - a +0 mace (weapon)
Armour
 b - a +0 animal skin
 h - a +0 chain mail (worn)
Scrolls
 e - a scroll of blinking {unknown}
 f - a scroll of noise {unknown}
 g - 2 scrolls of fog {unknown}
 i - a scroll of enchant weapon {unknown}
 j - 2 scrolls of teleportation {unknown}
 k - a scroll of enchant armour {unknown}
 m - a scroll of amnesia {unknown}
 o - a scroll of remove curse {unknown}
Potions
 d - a potion of mutation {unknown}
 l - a potion of flight {unknown}
 n - a potion of haste {unknown}
 p - a potion of curing {unknown}
 q - a potion of degeneration {unknown}
Comestibles
 c - 5 rations


   Skills:
 + Level 3.8 Fighting
 * Level 4.6 Maces & Flails
 + Level 2.5 Armour
 - Level 1.6 Dodging


You had 3 spell levels left.
You didn't know any spells.

Dungeon Overview and Level Annotations

Branches:
Dungeon (2/15)

Altars:
Dithmenos


Innate Abilities, Weirdness & Mutations

You are resistant to torment.
Your stone body is resilient. (AC +3)
You are immune to poison.
You resist negative energy. (rN+)
You are resistant to electric shocks. (rElec)
You can survive without breathing.
You are immune to petrification.
You are immune to rotting.


Message History

a flail; a gnoll corpse You sock the gnoll!
The gnoll is severely wounded.
The gnoll hits you with a spear. The gnoll hits you but does no damage.
The gnoll hits you with a spear. The gnoll hits you but does no damage.
Things that are here:
a flail; a gnoll corpse You hit the gnoll but do no damage.
The gnoll is severely wounded.
The gnoll hits you with a flail.
* * * LOW HITPOINT WARNING * * *
The gnoll hits you but does no damage.
You hit the gnoll but do no damage.
The gnoll is severely wounded.
The gnoll hits you but does no damage. The gnoll barely misses you.
You completely miss the gnoll.
The gnoll is severely wounded.
The gnoll hits you with a flail!
You die...

### ##.. #...
#..# #..# #..#
#g####.#
#@g....#
#.######
####.####
#######
#..?....#
#.....#
#.##.##.#
#.....# #
#.##.# #.....#
#....# #.....#
####.###.....#
#........##


You could see 2 gnolls.

Vanquished Creatures
  A gnoll (D:2)
  3 adders (D:2)
  4 leopard geckos
  2 giant cockroaches (D:1)
  7 goblins
  5 hobgoblins
  2 quokkas (D:2)
  3 ball pythons (D:1)
  12 bats
  A frilled lizard (D:1)
  5 kobolds
  4 rats
49 creatures vanquished.

Notes
Turn   | Place    | Note
-------+----------+-------------------------------------------
     0 | D:1      | Htamos the Gargoyle Berserker began the quest for the Orb.
     0 | D:1      | Reached XP level 1. HP: 14/14 MP: 1/1
    53 | D:1      | Reached XP level 2. HP: 14/19 MP: 2/2
   731 | D:1      | Reached XP level 3. HP: 21/23 MP: 3/3
   758 | D:1      | Reached ** piety under Trog
  1119 | D:2      | Reached skill level 4 in Maces & Flails
  1271 | D:2      | Reached XP level 4. HP: 27/29 MP: 4/4
  1360 | D:2      | Found a shadowy altar of Dithmenos.
  1487 | D:2      | Slain by a gnoll

Skill      XL: |  1  2  3 |
---------------+----------+-----
Maces & Flails | 4 |  4.6
Fighting       | |  3.8
Armour         | |  2.5
Dodging        | |  1.6

Action                   |  1- 3 |  4- 6 || total
-------------------------+-------+-------++-------
Melee: Mace              |   154 |    41 ||   195
  Eat: Chunk             |     1 |     1 ||     2
Armor: Animal skin       |    30 |       ||    30
       Chain mail        |    89 |    36 ||   125
Dodge: Dodged            |   129 |    17 ||   146
